 Dungeon Crawl Stone Soup version 0.18.1-48-g4cf74bf (webtiles) character file.

2050 Inkary the Cleaver (level 9, -8/79 HPs)
             Began as a Hill Orc Berserker on Aug 26, 2016.
             Was a Priest of Trog.
             Mangled by an orc warrior
             ... wielding a +0 halberd
              (14 damage)
             ... on level 7 of the Dungeon.
             The game lasted 00:10:39 (5702 turns).

Inkary the Cleaver (Hill Orc Berserker)             Turns: 5702, Time: 00:10:40

Health: -8/79      AC:  8    Str: 18    XL:     9   Next: 25%
Magic:  9/9        EV: 14    Int:  5    God:    Trog [***...]
Gold:   403        SH:  0    Dex: 15    Spells: 0 memorised, 8 levels left

rFire  . . .     SeeInvis .     n - +0 battleaxe
rCold  . . .     Gourm    .     D - +0 robe "Urocokin" {Dex+2} (curse)
rNeg   . . .     Faith    .     (shield currently unavailable)
rPois  .         Spirit   .     (helmet restricted)
rElec  .         Dismiss  .     (no cloak)
rCorr  .         Reflect  .     (no gloves)
SustAt .         Harm     .     A - +0 pair of boots
MR     ++...     Clarity  +     (no amulet)
Stlth  +.........               r - -2 ring of intelligence
                                f - +5 ring of protection

@: regenerating, very resistant to hostile enchantments, very unstealthy
A: horns 1, clarity, weak 1
a: Berserk, Trog's Hand, Burn Spellbooks, Renounce Religion


You were on level 7 of the Dungeon.
You worshipped Trog.
Trog was most pleased with you.
You were very hungry.

You visited 1 branch of the dungeon, and saw 7 of its levels.

You collected 403 gold pieces.

Inventory:

Hand Weapons
 n - a +0 battleaxe (weapon)
 t - a +0 war axe
Missiles
 m - 2 javelins of penetration (quivered)
Armour
 o - a +0 ring mail
 p - a +0 helmet of intelligence
 u - a +0 shield
 A - a +0 pair of boots (worn)
 D - the cursed +0 robe "Urocokin" (worn) {Dex+2}
   (You found it on level 5 of the Dungeon)

   It affects your dexterity (+2).
   It has a curse placed upon it.
Jewellery
 f - a +5 ring of protection (left hand)
 r - a -2 ring of intelligence (right hand)
Wands
 g - a wand of flame (28/48)
 v - a wand of paralysis (12/24)
Scrolls
 b - 3 scrolls of recharging
 j - 5 scrolls of identify
 k - a scroll of remove curse
 x - a scroll of random uselessness {unknown}
 y - a scroll of teleportation
Potions
 a - a potion of cancellation {unknown}
 d - 3 potions of mutation
 e - a potion of cure mutation {unknown}
 h - a potion of brilliance {unknown}
 q - a potion of berserk rage {unknown}
 s - 2 potions of curing
 w - a potion of magic {unknown}
 z - a potion of heal wounds {unknown}
 C - a potion of lignification {unknown}
Miscellaneous
 l - a plain deck of summoning
Comestibles
 c - 2 bread rations
 i - a fruit
 B - a meat ration


   Skills:
 + Level 7.5 Fighting
 + Level 8.1 Axes
 - Level 2.6 Throwing
 + Level 6.1 Armour
 + Level 4.8 Dodging
 + Level 3.4 Shields


You had 8 spell levels left.
You didn't know any spells.

Dungeon Overview and Level Annotations

Branches:
Dungeon (7/15)             Temple (0/1) D:6

Altars:
Cheibriados
Dithmenos
Nemelex Xobeh
Pakellas
Qazlal
Ru
Sif Muna

Shops:
D:2 }


Innate Abilities, Weirdness & Mutations

You have a pair of small horns on your head.
You possess an exceptional clarity of mind.
You are weak. (Str -2)


Message History

The sky beast hits you but does no damage.
The orc warrior barely misses you.
Your skin crawls.
You feel resistant to hostile enchantments.
You feel slightly more hungry.
The sky beast hits you but does no damage.
The orc warrior hits you from afar with a halberd!
* * * LOW HITPOINT WARNING * * *
You closely miss the sky beast.
The sky beast is heavily wounded.
The sky beast hits you but does no damage.
The orc warrior splashes around in the water.
The sky beast barely misses you.
You slice the sky beast!!
You kill the sky beast!
Trog accepts your kill.
The orc warrior hits you from afar with a halberd.
* * * LOW HITPOINT WARNING * * *
The orc warrior hits you with a halberd!
You die...

.# ####. ## #.... ......
.#..# .o. ########### #o#
..........# #@# ####.####.#
#)# # #.# #.#.####†##.####
#.# #.#........>.... ####.#
#.#.####.#######.#. .....#
#.# #...........
######.##.########...###...
#.........)))......+
#.##.###########...#


You could see an orc warrior and an orc.

Vanquished Creatures
  Sigmund (D:5)
  3 sky beasts
  A necrophage (D:6)
  An ogre (D:6)
  2 giant frogs
  A scorpion (D:4)
  5 wights (D:7)
  2 howler monkeys
  A quasit (D:5)
  4 hounds
  2 orc priests
  2 jellies (D:6)
  2 centaur skeletons
  2 giant frog skeletons
  Jessica (D:3)
  Ijyb (D:2)
  7 orc wizards
  4 worker ants
  A worker ant zombie (D:5)
  Robin (D:2)
  3 gnolls (D:4)
  13 adders
  An adder zombie (D:5)
  5 worms
  4 dart slugs
  3 giant geckos
  18 orcs
  A ball python (D:1)
  5 bats
  3 giant cockroaches
  14 goblins
  6 hobgoblins
  2 quokkas
  2 giant newts
  8 kobolds
  8 rats
  A fungus (D:2)
141 creatures vanquished.

Notes
Turn   | Place    | Note
--------------------------------------------------------------
     0 | D:1      | Inkary the Hill Orc Berserker began the quest for the Orb.
     0 | D:1      | Reached XP level 1. HP: 19/19 MP: 1/1
    80 | D:1      | Reached XP level 2. HP: 24/27 MP: 2/2
   727 | D:1      | Reached skill level 1 in Throwing
   936 | D:2      | Found a sparkling altar of Nemelex Xobeh.
  1165 | D:2      | Reached XP level 3. HP: 33/33 MP: 3/3
  1245 | D:2      | Found an oddly glowing altar of Pakellas.
  1245 | D:2      | Found Pakellas's Prime Provisions.
  1323 | D:2      | Noticed Ijyb
  1663 | D:2      | Killed Ijyb
  1663 | D:2      | Reached XP level 4. HP: 41/41 MP: 4/4
  1848 | D:2      | Reached ** piety under Trog
  1985 | D:2      | Noticed Robin
  1999 | D:2      | Killed Robin
  2173 | D:3      | Reached XP level 5. HP: 44/47 MP: 5/5
  2382 | D:3      | Found a snail-covered altar of Cheibriados.
  2538 | D:3      | Reached skill level 5 in Fighting
  2563 | D:3      | Reached XP level 6. HP: 30/56 MP: 6/6
  2585 | D:3      | Reached skill level 5 in Axes
  2613 | D:3      | Reached *** piety under Trog
  2657 | D:3      | Noticed Jessica
  2668 | D:3      | Killed Jessica
  3206 | D:4      | Received a gift from Trog
  3233 | D:4      | Reached XP level 7. HP: 57/61 MP: 7/7
  3475 | D:4      | Found a sacrificial altar of Ru.
  3724 | D:4      | Reached skill level 6 in Axes
  3791 | D:4      | Found a stormy altar of Qazlal.
  3944 | D:5      | Entered Level 5 of the Dungeon
  3959 | D:5      | Noticed Sigmund
  3970 | D:5      | Killed Sigmund
  3970 | D:5      | Reached XP level 8. HP: 56/70 MP: 8/8
  4155 | D:5      | Reached skill level 5 in Armour
  4155 | D:5      | Reached skill level 1 in Shields
  4162 | D:5      | Gained mutation: You are weak. (Str -2) [mutagenic meat]
  4325 | D:5      | Gained mutation: You have a pair of small horns on your head. [mutagenic meat]
  4326 | D:5      | Gained mutation: You possess an exceptional clarity of mind. [mutagenic meat]
  4466 | D:5      | Reached skill level 7 in Axes
  4652 | D:6      | Found a snail-covered altar of Cheibriados.
  4673 | D:6      | Found a deep blue altar of Sif Muna.
  4905 | D:6      | Found a staircase to the Ecumenical Temple.
  5269 | D:6      | Reached XP level 9. HP: 63/79 MP: 9/9
  5273 | D:6      | Found a shadowy altar of Dithmenos.
  5529 | D:5      | Got a steaming robe
  5541 | D:5      | Identified the cursed +0 robe "Urocokin" {Dex+2} (You found it on level 5 of the Dungeon)
  5647 | D:7      | Reached skill level 8 in Axes
  5702 | D:7      | Mangled by an orc warrior

Skill      XL: |  1  2  3  4  5  6  7  8  9 |
---------------+----------------------------+-----
Throwing       | 1 2 |  2.6
Dodging        | 2 3 4 |  4.8
Fighting       | 4 5 6 7 |  7.5
Armour         | 3 4 5 6 |  6.1
Axes           | 5 6 7 8 |  8.1
Shields        | 2 3 |  3.4

Action                   |  1- 3 |  4- 6 |  7- 9 || total
-------------------------+-------+-------+-------++-------
Melee: Hand axe          |   106 |   150 |       ||   256
       War axe           |       |    95 |    70 ||   165
       Battleaxe         |       |       |   188 ||   188
       Headbutt          |       |       |    15 ||    15
Invok: Berserk           |     1 |     1 |     2 ||     4
       Trog's Hand       |       |     1 |     4 ||     5
  Use: Scroll            |       |     5 |     3 ||     8
       Potion            |       |       |     1 ||     1
 Stab: Sleeping          |     1 |       |       ||     1
       Paralysed         |       |       |     2 ||     2
  Eat: Chunk             |     2 |     7 |    14 ||    23
       Fruit             |       |       |     1 ||     1
Armor: Animal skin       |    19 |       |       ||    19
       Ring mail         |     5 |   120 |   119 ||   244
       Robe              |       |       |    16 ||    16
Dodge: Dodged            |    51 |   153 |   179 ||   383
Block: Shield            |       |       |     6 ||     6
